 Dungeon Sprint DCSS version 0.19.1 (webtiles) character file.

86 equalderp2856 the Gouger (level 4, -6/23 HPs)
             Began as a Felid Fighter on Dec 18, 2016.
             Mangled by an orc warrior
             ... wielding a +0 glaive
              (14 damage)
             ... in the Dungeon (Sprint IX: "|||||||||||||||||||||||||||||").
             The game lasted 00:01:09 (438 turns).

equalderp2856 the Gouger (Felid Fighter)             Turns: 438, Time: 00:01:10

Health: -6/23      AC:  1    Str: 13    XL:     4   Next: 26%
Magic:  5/5        EV: 23    Int:  9    God:
Gold:   0          SH:  0    Dex: 16    Spells: 0 memorised, 3 levels left
                                        Lives:  0   Deaths: 1

rFire  . . .     SeeInvis +       - Unarmed
rCold  . . .     Gourm    .     (armour unavailable)
rNeg   . . .     Faith    .     (shield unavailable)
rPois  .         Spirit   .     (helmet unavailable)
rElec  .         Reflect  .     (cloak unavailable)
rCorr  .         Harm     .     (gloves unavailable)
MR     .....     NoTele   +     (boots unavailable)
Stlth  ++........               (no amulet)
                                (no ring)
                                (no ring)

@: quick
A: no armour, no weapons or thrown items, stealth, claws 1, fangs 3, see
invisible, carnivore 3, speed 1, shaggy fur 1, slow metabolism 1, sharp paws
a: no special abilities


You were in the Dungeon.
You were not hungry.

You visited 1 branch

Inventory:

Scrolls
 h - a scroll of blinking
Potions
 a - a potion of might
 e - a potion of haste
 f - 2 potions of magic
 g - a potion of berserk rage
Comestibles
 b - 13 meat rations


   Skills:
 + Level 5.5 Fighting
 + Level 8.0 Dodging
 + Level 9.1 Unarmed Combat


You had 3 spell levels left.
You didn't know any spells.

Dungeon Overview and Level Annotations

Branches:
Dungeon (1/1)

Altars:


Innate Abilities, Weirdness & Mutations

You cannot wear armour.
You are incapable of wielding weapons or throwing items.
Your paws allow you to move quietly. (Stealth)
You have sharp claws.
You have razor-sharp teeth.
You have supernaturally acute eyesight. (SInv)
You are carnivorous and can eat meat at any time.
You cover ground quickly.
You are covered in fur. (AC +1)
You have a slow metabolism.
Your sharp claws are effective at attacking unaware monsters.


Message History

You see here 17 gold pieces.
There is an open door here.
Things that are here:
40 fruits; 12 bread rations As you close the door, it creaks loudly!
You see here a +0 helmet.
You see here a +0 pair of boots.
You start resting.
You see here a +0 pair of gloves.
You see here a +0 centaur barding.
There is an open door here.
You scratch the orc warrior.
The orc warrior is moderately wounded.
The orc warrior hits you with a glaive!
Ouch! That really hurt!
You claw the orc warrior! You bite the orc warrior.
The orc warrior is heavily wounded.
The orc warrior hits you with a glaive!
Ouch! That really hurt!
You die...

▓w▓.▓
▓%▓.▓
▓$▓.▓
▓w▓.▓
▓$▓.▓
▓+▓.▓
▓%▓.▓
▓.▓o▓
▓[▓@▓
▓[▓.▓
▓[▓.▓
▓[▓.▓
▓.▓.▓
▓.▓.▓
▓'▓.▓
▓.▓.▓
▓.▓.▓


You could see an orc warrior.

Vanquished Creatures
  An ogre (D)
  A centaur (D)
  A giant cockroach (D)
  A hobgoblin (D)
  A jackal (D)
  A bat (D)
  A giant cockroach zombie (D)
  A goblin (D)
8 creatures vanquished.

Notes
Turn   | Place    | Note
-------+----------+-------------------------------------------
     0 | D        | equalderp2856 the Felid Fighter began the quest for the Orb.
     0 | D        | Reached XP level 1. HP: 10/10 MP: 2/2
    39 | D        | Noticed a centaur
    39 | D        | Noticed an ogre
    39 | D        | Noticed an orc priest
    49 | D        | Killed a centaur
    49 | D        | Reached skill level 7 in Unarmed Combat
    49 | D        | Reached XP level 2. HP: 9/15 MP: 3/3
    49 | D        | Reached XP level 3. HP: 12/19 MP: 4/4
    49 | D        | Reached XP level 4. HP: 13/22 MP: 5/5
    55 | D        | Killed an ogre
    55 | D        | Reached skill level 5 in Fighting
    55 | D        | Reached skill level 9 in Unarmed Combat
    55 | D        | Reached XP level 5. HP: 26/26 MP: 6/6
    57 | D        | Killed from afar by an orc priest
    58 | D        | Reached XP level 4. HP: -5/23 MP: 5/5
   100 | D        | Noticed an orc warrior
   104 | D        | HP: 1/23 [orc priest/divine providence (12)]
   338 | D        | Noticed a tyrant leech
   338 | D        | Noticed a tyrant leech
   339 | D        | Noticed a tyrant leech
   340 | D        | Noticed a spiny frog
   438 | D        | Mangled by an orc warrior

Skill      XL: |  1  2  3  4 |
---------------+-------------+-----
Fighting       | 4 5 |  5.5
Dodging        | 6 8 |  8.0
Unarmed Combat | 7 9 |  9.1

Action                   |  1- 3 |  4- 6 || total
-------------------------+-------+-------++-------
Melee: Unarmed           |    21 |    10 ||    31
       Bite              |     3 |     1 ||     4
       Punch             |     1 |     1 ||     2
  Use: Potion            |     1 |     1 ||     2
 Stab: Distracted        |       |     1 ||     1
Armor: Skin              |     1 |       ||     1
Dodge: Dodged            |    17 |     4 ||    21
